Cogmind - Beta 11.1 @@@ ROGUE MODE // 2022.04.28 @ 16:47:41 Player: Geo Result: Self-destructed Performance ------------- Evolutions (1) 500 Regions Visited (2) 400 Robots Destroyed (11) 55 Value Destroyed (362) 362 Prototype IDs (0) 0 Alien Tech Used (0) 0 Bonus (11) 11 TOTAL SCORE: 1328 Bonus ------- High Alert Combat Kills 11 Cogmind --------- Core Integrity 311/400 Matter 251/300 Energy 88/100 System Corruption 0% Temperature Warm (148) Movement Rolling (80) Location -9/Materials Parts ------- > --- POWER (1) -------- (None) > --- PROPULSION (3) --- Wheel Wheel > --- UTILITY (3) ------ Small Storage Unit Small Storage Unit Small Storage Unit > --- WEAPON (2) ------- Beam Rifle > --- INVENTORY (8) ---- Ion Engine Light Ion Engine Light Treads Wheel Light Assault Rifle Peak State ------------ > --- POWER ------------ Ion Engine > --- PROPULSION ------- Wheel Wheel Compact Wheel > --- UTILITY ---------- Small Storage Unit Small Storage Unit Field Recycling Unit > --- WEAPON ----------- Small Laser Beam Rifle > --- INVENTORY -------- Light Ion Engine Light Treads Light Treads Wheel Small Storage Unit Assault Rifle Light Assault Rifle Grenade Launcher [Rating: 11] Favorites ----------- Power Ion Engine Engine Ion Engine Propulsion Wheel Treads Light Treads Wheel Wheel Utility Small Storage Unit Device Field Recycling Unit Storage Small Storage Unit Protection Light Armor Plating Weapon Small Laser Energy Gun Small Laser Ballistic Gun Assault Rifle Launcher Grenade Launcher Build | -11 -10 -9 ------- Run | Scr Mat Mat Slots Evolved 2 | . . 2 Power . | . . . Propulsion 1 | . . 1 Utility 1 | . . 1 Weapon . | . . . Parts Attached 22 | 6 6 10 Power 2 | 1 . 1 Engine 2 | 1 . 1 Core . | . . . Reactor . | . . . Propulsion 8 | 2 3 3 Treads 3 | 1 1 1 Leg . | . . . Wheel 5 | 1 2 2 Hover . | . . . Flight . | . . . Utility 8 | 1 3 4 Device 1 | . . 1 Storage 6 | 1 3 2 Processor . | . . . Hackware . | . . . Protection 1 | . . 1 Artifact . | . . . Weapon 4 | 2 . 2 Energy Gun 2 | 1 . 1 Energy Cannon . | . . . Ballistic Gun 1 | 1 . . Ballistic Cannon . | . . . Launcher 1 | . . 1 Special Weapon . | . . . Impact Weapon . | . . . Slashing Weapon . | . . . Piercing Weapon . | . . . Special Melee Weapon . | . . . Unidentified Prototypes . | . . . Parts Lost 6 | . . 6 Power 1 | . . 1 Propulsion 2 | . . 2 Utility 1 | . . 1 Weapon 2 | . . 2 Highest Loss Streak 6 | . . 6 To Critical Strikes . | . . . Average Slot Usage (%) 98 | . 98 98 Engine 11 | . 14 10 Treads 1 | . 2 . Wheel 29 | . 25 32 Device 1 | . . 1 Storage 25 | . 26 25 Protection 3 | . . 5 Energy Gun 17 | . 14 19 Ballistic Gun 6 | . 14 1 Naked Turns . | . . . Heaviest Build 28 | 13 18 28 Greatest Support 36 | 10 20 36 Greatest Overweight (x) 1 | 1 1 1 Average Overweight (x) . | . . . Largest Inventory Capacity 8 | 8 8 8 Average Capacity 7 | 7 8 8 Most Carried 8 | 8 8 8 Average Carried 7 | 4 7 7 Final Capacity 8 | 8 8 8 Final Carried 8 | 6 8 5 Class Distribution -------------------- 100% | Mutant Dominant Class ---------------- Mutant | -10/Materials Mutant | -9/Materials Resources | -11 -10 -9 ----------- Run | Scr Mat Mat Matter Collected 377 | 251 75 51 Remotely . | . . . Salvage Created 429 | . 78 351 Parts 27 | . 2 25 Haulers Intercepted . | . . . Recyclers Shooed 1 | . 1 . Parts Field Recycled . | . . . Retrieved Matter . | . . . Parts Self-Destructed . | . . . Prevented . | . . . Kills | -11 -10 -9 ------- Run | Scr Mat Mat Combat Hostiles Destroyed 9 | . . 9 Guns 4 | . . 4 AOE 5 | . . 5 Classes Destroyed 5 | . 1 4 Recycler 1 | . 1 . Watcher 1 | . . 1 Grunt 6 | . . 6 Brawler 1 | . . 1 Sentry 2 | . . 2 Best Kill Streak 7 | . 1 7 Combat Bots Only 6 | . . 6 Max Kills in Single Turn 4 | . 1 4 Gunslinging . | . . . Exploded 3 | . . 3 Melee . | . . . Uniques/NPCs Destroyed . | . . . Combat | -11 -10 -9 -------- Run | Scr Mat Mat Damage Taken 638 | . . 638 Core 89 | . . 89 Absorbed by Shields . | . . . Core Remaining (%) 100 | 100 100 . Volleys Fired 24 | . 2 22 Largest 2 | . 2 2 Hottest 96 | . 60 96 Shots Fired 41 | . 4 37 Gun 38 | . 4 34 Cannon . | . . . Launcher 3 | . . 3 Special . | . . . Kinetic 2 | . 2 . Thermal 36 | . 2 34 Explosive 3 | . . 3 Electromagnetic . | . . . Robot Hit Streak 11 | . 2 11 Robot Miss Streak 2 | . 1 2 Penetration Max . | . . . Secondary Targets . | . . . Shots Hit Robots 28 | . 3 25 Core Hits 22 | . 2 20 Critical Kills . | . . . Critical Parts Destroyed . | . . . Critical Strikes 2 | . . 2 Burn 2 | . . 2 Melee Attacks . | . . . Impact . | . . . Slashing . | . . . Piercing . | . . . Sneak Attacks . | . . . Combat Hostiles . | . . . Follow-up Attacks . | . . . Damage Inflicted 681 | . 37 644 Guns 370 | . 37 333 Cannons . | . . . Explosions 311 | . . 311 Melee . | . . . Ramming . | . . . Kinetic 14 | . 14 . Thermal 356 | . 23 333 Explosive 311 | . . 311 Electromagnetic . | . . . Impact . | . . . Slashing . | . . . Piercing . | . . . Highest Corruption . | . . . Average Corruption . | . . . Corruption Purged . | . . . Corruption Blocked . | . . . Overload Shots . | . . . Overflow Damage 52 | . . 52 Projectiles . | . . . Explosions 52 | . . 52 Melee . | . . . Knockbacks . | . . . Impact . | . . . Kinetic . | . . . Secondary . | . . . Self-Inflicted Damage 87 | . . 87 Shots 1 | . . 1 Rammed . | . . . Targets Rammed . | . . . Kicked . | . . . Crushed . | . . . Highest Temperature 433 | . . 433 Average Temperature 183 | . . 183 Received Heat Transfer 228 | . . 228 Effects 7 | . . 7 Shutdowns 2 | . . 2 Energy Bleed 2 | . . 2 Damage (minor) 1 | . . 1 Damage (major) 2 | . . 2 Siege Activations . | . . . Robots Corrupted . | . . . Combat Hostiles . | . . . Parts Fried . | . . . Impact Corruptions . | . . . Robots Melted . | . . . Combat Hostiles . | . . . Parts Melted 2 | . . 2 Heat Transferred 1015 | . 50 965 Parts Sabotaged . | . . . Parts Stolen . | . . . Parts Stripped . | . . . Power Chain Reactions . | . . . Missiles Intercepted . | . . . Alert | -11 -10 -9 ------- Run | Scr Mat Mat Peak Influence 400 | . 65 400 Initial 27 | . . 27 Average 71 | . 27 116 Maximum Alert Level 2 | . . 2 Low Security (%) 96 | 100 100 93 Level 1 2 | . . 5 Level 2 . | . . . Level 3 . | . . . Level 4 . | . . . Level 5 . | . . . High Security . | . . . Max Security . | . . . Squads Dispatched 2 | . . 2 Investigation 1 | . . 1 Extermination . | . . . Reinforcement 1 | . . 1 Assault . | . . . Garrison . | . . . Intercept . | . . . Searches Triggered . | . . . Construction Impeded . | . . . Haulers Reinforced . | . . . Active Scanning Responses . | . . . Cargo Convoy Interrupts . | . . . Stealth | -11 -10 -9 --------- Run | Scr Mat Mat Distress Signals 4 | . 1 3 Communications Jammed . | . . . Distress Signals . | . . . Times Spotted 21 | . 4 17 Peak Tracking Total 11 | . 3 11 Tactical Retreats 2 | . 1 1 Traps | -11 -10 -9 ------- Run | Scr Mat Mat Traps Triggered 1 | . . 1 Indirectly . | . . . Trap Hack Attempts . | . . . Triggered . | . . . Disarmed . | . . . Reprogrammed . | . . . Reused . | . . . Traps Extracted . | . . . Installed . | . . . Triggered . | . . . Machines | -11 -10 -9 ---------- Run | Scr Mat Mat Machines Disabled 1 | . . 1 Max in Single Turn 1 | . . 1 Machines Sabotaged . | . . . Garrisons Compromised . | . . . Overloaded Fab Kills . | . . . Hacking | -11 -10 -9 --------- Run | Scr Mat Mat Machines Accessed 5 | . 2 3 Terminals 4 | . 2 2 Fabricators . | . . . Repair Stations . | . . . Recycling Units 1 | . . 1 Scanalyzers . | . . . Garrison Access . | . . . Total Hacks 6 | . 2 4 Successful 5 | . 1 4 Failed 1 | . 1 . Catastrophic . | . . . Database Lockouts . | . . . Manual 2 | . 1 1 Terminals 5 | . 2 3 Fabricators . | . . . Repair Stations . | . . . Recycling Units 1 | . . 1 Scanalyzers . | . . . Garrison Access . | . . . Terminal Hacks 2 | . . 2 Record 1 | . . 1 Machine Index 1 | . . 1 Fabricator Hacks . | . . . Repair Station Hacks . | . . . Recycling Unit Hacks 1 | . . 1 Report Inventory 1 | . . 1 Scanalyzer . | . . . Garrison Access Hacks . | . . . Unauthorized Hacks 2 | . 1 1 Terminals 2 | . 1 1 Botnet 2 | . 1 1 Fabricators . | . . . Repair Stations . | . . . Recycling Units . | . . . Scanalyzers . | . . . Garrison Access . | . . . Data Cores Recovered . | . . . Used . | . . . Hacking Detections 3 | . 2 1 Full Trace Events . | . . . Feedback Events . | . . . Feedback Blocked . | . . . Robot Schematics Acquired . | . . . Robots Built . | . . . Authchips . | . . . Time . | . . . Total Robot Build Rating . | . . . Part Schematics Acquired . | . . . Parts Built . | . . . Authchips . | . . . Time . | . . . Total Part Build Rating . | . . . Parts Repaired . | . . . Time . | . . . Parts Recycled . | . . . Recycled Matter . | . . . Retrieved Matter . | . . . Retrieved Components . | . . . Parts Scanalyzed . | . . . Part Schematics Acquired . | . . . Parts Damaged . | . . . Bothacking | -11 -10 -9 ------------ Run | Scr Mat Mat Used RIF Installer . | . . . Robots Hacked . | . . . Non-combat . | . . . Combat . | . . . Robot Hacks Applied . | . . . Relay Couplers Released . | . . . Fabnet Peak Effective % . | . . . Robots Rewired . | . . . Allies Hacked . | . . . Hacks Repelled . | . . . Allies | -11 -10 -9 -------- Run | Scr Mat Mat Total Allies . | . . . Largest Group . | . . . Highest-Rated Group . | . . . Highest-Rated Ally . | . . . Total Orders . | . . . Ally Attacks . | . . . Total Damage . | . . . Kills . | . . . Allies Corrupted . | . . . Allies Melted . | . . . Intel | -11 -10 -9 ------- Run | Scr Mat Mat Robot Analysis Total . | . . . Derelict Logs Recovered . | . . . Drone Launches . | . . . Drone Recoveries . | . . . Exploration | -11 -10 -9 ------------- Run | Scr Mat Mat Turns Passed 484 | 55 169 260 Spaces Moved 357 | 45 176 136 Core 16 | 16 . . Treads . | . . . Legs . | . . . Wheels 341 | 29 176 136 Hover . | . . . Flight . | . . . Fastest Speed 50 | 50 80 86 Average Speed 83 | 79 81 86 Slowest Speed 95 | 95 95 95 Overloaded Moves . | . . . Propulsion Burnouts . | . . . Robots Hopped . | . . . Cave-ins Triggered . | . . . Exploration Rate (%) 17 | 3 33 15 Regions Visited 2 Branch Regions . Pre-discovered Areas . | . . . Known Exits Taken . | . . . Unknown Exits Taken 2 | 1 1 . Scrap Searched . | . . . Spaces Dug 5 | . . 5 Terrain Destroyed 51 | . . 51 Melee . | . . . Projectile . | . . . AOE 51 | . . 51 Terrain Rammed . | . . . Walls Destroyed . | . . . Machines Disabled . | . . . Actions | -11 -10 -9 --------- Run | Scr Mat Mat Total 502 | 64 196 242 Wait 69 | 2 4 63 Move 355 | 44 175 136 Hop . | . . . Pick Up 19 | 12 4 3 Fast Attach 8 | . 3 5 Attach 10 | 6 . 4 Detach 3 | . 1 2 Swap 4 | . 3 1 Drop 10 | . 4 6 Fire 24 | . 2 22 Melee . | . . . Ram . | . . . Kick . | . . . Crush . | . . . Escape Stasis . | . . . Rewire . | . . . Trap . | . . . Miscellaneous . | . . . Route ------- -11/Scrapyard -10/Materials -9/Materials History --------- Turn | Location | Event 10 | -11/Scrapyard | Discovered new exit (range 16) 56 | -11/Scrapyard | Entered Materials 185 | -10/Materials | Discovered new exit (range 9) 225 | -10/Materials | Entered another Materials area 225 | -9/Materials | Evolved 2 slots: Propulsion x1, Utility x1 337 | -9/Materials | Build established: Mutant 485 | -9/Materials | Self-destructed Last Messages --------------- 00452_ Power failure, Imp. Ion Engine shutdown. 00458_ Overheating: Energy bleed (-52). 00465_ B-36 Bruiser destroyed. 00467_ The unstable cave ceiling collapses. 00469_ G-34 Mercenary destroyed. 00473_ Nuclear Reactor explodes. 00473_ The unstable cave ceiling collapses. 00473_ Grenade Launcher destroyed. 00473_ Destroyed Grenade Launcher. 00474_ R-06 Scavenger collects Heat Sink. 00476_ Imp. Ion Engine destroyed. 00478_ R-06 Scavenger collects Ion Engine. 00480_ U-05 Engineer lays Concrete. 00481_ The unstable cave ceiling collapses. 00481_ Beam Rifle melted. 00481_ Y-45 Defender destroyed. 00481_ U-05 Engineer lays Concrete. 00483_ Com. Wheel destroyed. 00483_ U-05 Engineer lays Concrete. 00485_ The unstable cave ceiling collapses. Map ----- +----------------------------------------------------+ | ??????????????????????????? | | ??????????????????????????? | | ??????????????????????????? | | ??????????????????????????? | | ??????????????????????????? | | ??????????????????????????? | | ??????????????????????????? | | ??????????????????????????? | | ??????????????????????????? | | ??????????????????????????? | | ??????????????????????????? | | ??????????????????????????? | | ??????????????????????????? | | ??????????????????????????? | | ??????????????????????????? | | ??????????????????????????? | | ??????????????????????????? | | ###############???????????? | | # #??????????? | | !] #??????????? | | !! +??????????? | | !! #??????????? | | #??????????? | | ???????????? | | # # #???????#??????? | | @l * #?????? #??????? | | # =%=[= #######%#??????? | | # [ !%%==% g [%*#??????? | | # ==%* % #??????? | | # # * % u | | # # r g | | # # #####+## | | # # #????? # | | # # #??????# | | # # #??????# | | # # #??????# | | ## ### #??????# | | ?###?# #??????# | | ?????# ######## | | ?????# | | ?????# ######## ##### ###?? | | ?#####+####??? ?????#????? | | ?# #???? ??????????? | | ?# """ #???????????????? | | ?# "Y" #???????????????? | | ?# #???????????????? | | ?# #???????????????? | | ?# """ #???????????????? | | ?# """ #???????????????? | | ?# """ #???????????????? | +----------------------------------------------------+ Best States ------------- Heat Dissipation 28 Energy Generation 12 Energy Capacity 265 Matter Stores 291 Matter Capacity 450 Sight Range 16 Terrain Scan Density 10 Armor Coverage 150 Evasion (%) 50 Recoil Reduction 1 Item Schematics ----------------- None Robot Schematics ------------------ None Fabricated ------------ Nothing Alien Tech Used ----------------- None Achievements -------------- None Challenges ------------ None Game ------ Seed IntegrityMissileCanceller Manual? 0 Play Time 00:18:22 Cumulative 12.5 hours Start 2022.04.28 @ 16:22:36 End 2022.04.28 @ 16:47:41 Sessions 3 Manual Loads 0 Difficulty Rogue Special Mode None Game No. 31 Rogue 31 Adventurer 0 Explorer 0 Win Type - Total 0 Types 0/0/0/0/0/0/0/0/0 Lore% 2 Gallery% 14 Achievement% 12 Wizard Run 0 Options --------- ASCII 0 Keyboard 1 Movement Vi Keybinds 0 Fullscreen 2 Font 12/Terminus Map View 83x54 Tactical HUD 1 Map Filters NONE Filters NONE Steam 1 RUN: 137f7959-08f9-4501-9a8f-7627a7ab3176